 Dungeon Crawl Stone Soup version 0.24-a0-208-g17bec22d17 (webtiles) character file.

Game seed: 8419127746559105852

59 Redear the Ducker (level 3, -3/16 HPs)
             Began as a Felid Skald on Mar 29, 2019.
             Slain by an orc wizard
             ... wielding a +0 dagger
              (6 damage)
             ... on level 3 of the Dungeon.
             The game lasted 00:07:35 (2427 turns).

Redear the Ducker (Felid Skald)                     Turns: 2427, Time: 00:07:35

Health: -3/16      AC:  1    Str:  6 (8)  XL:     3   Next: 78%
Magic:  5/7        EV: 19    Int: 13 (14) God:
Gold:   81         SH:  0    Dex: 14 (15) Spells: 3/6 levels left
                                        Lives:  0   Deaths: 0

rFire    . . .     SeeInvis +     - Unarmed
rCold    . . .     Gourm    .   (shield unavailable)
rNeg     . . .     Faith    .   (armour unavailable)
rPois    .         Spirit   .   (helmet unavailable)
rElec    .         Reflect  .   (cloak unavailable)
rCorr    .         Harm     .   (gloves unavailable)
MR       .....                  (boots unavailable)
Stlth    ++........             (no amulet)
HPRegen  0.05/turn              (no ring)
MPRegen  0.10/turn              (no ring)

@: infused (expiring), quick
A: very small, no armour, no weapons or thrown items, stealth, claws 1, fangs 3,
see invisible, carnivore, speed 1, shaggy fur 1, slow metabolism 1, sharp paws
a: no special abilities


You were on level 3 of the Dungeon.
You were not hungry.

You visited 1 branch of the dungeon, and saw 3 of its levels.

You collected 81 gold pieces.

Inventory:

Jewellery
 d - an uncursed ring of ice {unknown}
Wands
 i - a wand of iceblast (5)
Scrolls
 a - a scroll of enchant armour {unknown}
 e - 3 scrolls of teleportation {unknown}
 g - 4 scrolls of identify {unknown}
 h - a scroll of noise {unknown}
Comestibles
 b - 4 rations


   Skills:
 + Level 2.5 Fighting
 + Level 4.0 Dodging
 + Level 2.2 Stealth
 + Level 2.6 Unarmed Combat
 - Level 2.0 Spellcasting
 + Level 3.7 Charms
 + Level 0.8 Translocations


You had 3 spell levels left.
You knew the following spells:

 Your Spells              Type           Power        Failure   Level  Hunger
a - Infusion              Chrm           ##..         5%          1    ##.....
s - Shroud of Golubria    Chrm/Tloc      #.........   14%         2    ###....

Your spell library contained the following spells:

 Spells                   Type           Power        Failure   Level  Hunger
 Song of Slaying          Chrm           ##......     9%          2    ###....
 Magic Dart               Conj           #...         26%         1    ##.....
 Blink                    Tloc           N/A          26%         2    ###....
 Regeneration             Chrm/Necr      #.........   34%         3    ####...
 Call Imp                 Summ           #.......     36%         2    ###....
 Slow                     Hex            #.......     36%         2    ###....
 Conjure Flame            Conj/Fire      #.......     58%         3    ####...
 Mephitic Cloud           Conj/Pois/Air  #.......     58%         3    ####...
 Spectral Weapon          Hex/Chrm       Unusable     N/A         3    N/A

Dungeon Overview and Level Annotations

Branches:
Dungeon (3/15)

Altars:


Innate Abilities, Weirdness & Mutations

You cannot wear armour.
You are incapable of wielding weapons or throwing items.
Your paws allow you to move quietly. (Stealth)
You have sharp claws.
You have razor-sharp teeth.
You have supernaturally acute eyesight. (SInv)
You are carnivorous and can eat meat at any time.
You cover ground quickly.
You are covered in fur. (AC +1)
You have a slow metabolism.
Your sharp claws are effective at attacking unaware monsters.


Message History

Pain shoots through your body!
You take 3 damage, and have 13/16 hp.
Your shroud unravels.
Your magical infusion is running out.
You closely miss the orc wizard.
The orc wizard gestures at you while chanting.
The magic dart hits you.
* * * LOW HITPOINT WARNING * * *
The orc priest calls upon Beogh to heal the orc wizard.
The orc wizard is healed somewhat.
The orc wizard hits you with a +0 dagger.
* * * LOW HITPOINT WARNING * * *
The orc priest misses you.
You take 7 damage, and have 6/16 hp.
MASSIVE DAMAGE!!
Unknown command.
You feel yourself speed up.
The orc wizard hits you with a +0 dagger.
* * * LOW HITPOINT WARNING * * *
The orc wizard hits you with a +0 dagger.
You die...

##### #.# ########### .....
##.#####.........# #####
#................#######
#.......................
#................#######
#.........#....)#.......
#.........#####.#.######
#.......o.### #)#.# #
##[###.@.o..###.#'######
#.#.........##........#
#.#.#.......##..o..oo)#
#.#.#.......##.........
##.#####.#.#.......###........
...........................###
########.#.#......########.#
########.#.#......########.###
..............................


You could see an orc priest and an orc wizard.

Levels and vault maps discovered:
D:1:      psy_arrival_spokes, layout_basic
D:2:      minmay_recursive_quarters, layout_basic
D:3:      layout_basic, lemuel_round_altar, first_ration

Notes
Turn   | Place    | Note
-------+----------+-------------------------------------------
     0 | D:1      | Redear the Felid Skald began the quest for the Orb.
     0 | D:1      | Reached XP level 1. HP: 9/9 MP: 4/4
   141 | D:1      | Reached skill level 1 in Stealth
   186 | D:1      | Reached XP level 2. HP: 12/13 MP: 6/6
   249 | D:1      | Identified a +0 club
   365 | D:1      | Identified a +0 dagger
   544 | D:2      | Identified a cursed -1 club
   582 | D:2      | Reached XP level 3. HP: 11/16 MP: 5/7
   614 | D:2      | Identified a +0 whip
   615 | D:2      | Redear: ??str
   615 | D:2      | beem: strength[1/2]: Strength reduces penalties from
                  | wearing body armour; see {aevp}. Has a small impact on
                  | melee and launcher damage, roughly +25% of initial damage
                  | per 10 points of str above 10.
   615 | D:2      | Redear: ??str [2
   615 | D:2      | beem: strength[2/2]: applies a slightly harsher penalty for
                  | str<10>
                  | ERROR: string above had unterminated tag
   653 | D:2      | Redear: ??Shroud of Golubria
   653 | D:2      | beem: shroud of golubria[1/2]: L2 Charms/Tloc spell. Found
                  | in Book of Battle and Spatial Translocations. While in
                  | effect, the shroud protects you from some melee attacks,
                  | but the shroud is fragile and might fall apart. More
                  | damaging melee attacks have a higher chance of breaking the
                  | shroud. Basically equivalent to +10 hp on average.
   653 | D:2      | Redear: ??Shroud of Golubria [2
   653 | D:2      | beem: shroud of golubria[2/2]: It has a 2/3rds chance of
                  | attempting to block melee damage. That attempt has a
                  | dmg/(dmg+10) chance of breaking the shroud, otherwise the
                  | attack is negated. This is after AC damage reduction is
                  | applied.
   749 | D:2      | Identified a +0 dagger
   765 | D:2      | Learned a level 2 spell: Shroud of Golubria
   798 | D:2      | Identified a cursed -1 club
  1201 | D:2      | Identified a +0 dagger
  1323 | D:2      | Reached skill level 2 in Stealth
  1461 | D:3      | Identified a +0 short sword
  1461 | D:3      | Identified a +0 dagger
  1461 | D:3      | Identified a +0 robe
  1466 | D:3      | Identified a +0 dagger
  1466 | D:3      | Identified a +0 robe
  1467 | D:3      | Identified a +0 hand axe
  1717 | D:3      | Identified a +0 club
  1741 | D:3      | Identified a +0 mace
  1741 | D:3      | Identified a +0 leather armour
  1743 | D:3      | Identified a +0 club
  1745 | D:3      | Identified a +0 hand axe
  1745 | D:3      | Identified a +0 ring mail
  1770 | D:3      | Identified a +0 dagger
  1770 | D:3      | Identified a +0 leather armour
  1800 | D:3      | HP: 2/16 [orc/+0 mace (6)]
  2202 | D:3      | Identified a +0 short sword
  2207 | D:3      | Identified a +0 club
  2380 | D:3      | Reached skill level 4 in Dodging
  2410 | D:3      | Identified an uncursed ring of stealth
  2420 | D:3      | Identified 2 potions of heal wounds
  2422 | D:3      | HP: 1/16 [orc priest/divine providence (15)]
  2424 | D:3      | Identified a potion of degeneration
  2427 | D:3      | HP: 3/16 [orc wizard/+0 dagger (3)]
  2427 | D:3      | Slain by an orc wizard

Table legend:
 A = Turns spent in this place as a percentage of turns spent in the entire game.
 B = Non-inter-level travel turns spent in this place as a percentage of non-inter-level travel turns spent in the entire game.
 C = Inter-level travel turns spent in this place as a percentage of turns spent in this place.
 D = Turns resting spent in this place as a percentage of non-inter-level travel turns spent in this place.
 E = Turns spent auto-exploring this place as a percentage of non-inter-level travel turns spent in this place.
 F = Non-inter-level travel turns spent in this place divided by the number of levels of this place that you've seen.
                   A       B       C       D       E      F
               +-------+-------+-------+-------+-------+----------------------
         Total | 100.0 | 100.0 |   4.3 |  22.4 |  57.2 | 774.3
       Dungeon | 100.0 | 100.0 |   4.3 |  22.4 |  57.2 | 774.3
               +-------+-------+-------+-------+-------+----------------------

Table legend:
 A = Kills in this place as a percentage of kills in entire the game.
 B = Kills by you in this place as a percentage of kills by you in the entire game.
 C = Kills by friends in this place as a percentage of kills by friends in the entire game.
 D = Other kills in this place as a percentage of other kills in the entire game.
 E = Experience gained in this place as a percentage of experience gained in the entire game.
 F = Experience gained in this place divided by the number of levels of this place that you have seen.
                   A       B       C       D       E      F
               +-------+-------+-------+-------+-------+----------------------
         Total | 100.0 | 100.0 |   N/A |   N/A | 100.0 |  28.3
       Dungeon | 100.0 | 100.0 |   N/A |   N/A | 100.0 |  28.3
               +-------+-------+-------+-------+-------+----------------------

Skill      XL: |  1  2  3 |
---------------+----------+-----
Stealth        | 1 2 |  2.2
Dodging        | 4 |  4.0
Fighting       | |  2.5
Unarmed Combat | |  2.6
Spellcasting   | |  2.0
Charms         | |  3.7
Translocations | |  0.8

Action                   || total
-------------------------++-------
Melee: Unarmed           ||   121
       Bite              ||     8
 Cast: Infusion          ||     6
       Shroud of Golubri ||     5
  Use: Potion            ||     3
 Stab: Sleeping          ||     8
  Eat: Chunk             ||     4
Armor: Skin              ||     8
Dodge: Dodged            ||   126

Vanquished Creatures
  An adder (D:2)
  A worm (D:3)
  2 dart slugs
  3 orcs (D:3)
  A giant cockroach (D:3)
  6 hobgoblins
  A quokka (D:3)
  8 bats
  4 frilled lizards
  3 goblins
  6 kobolds
  4 rats
40 creatures vanquished.
